 Dungeon Crawl Stone Soup version 0.31-a0-236-g9a0961fb85 (webtiles) character file.

Game seed: 7106625757825225079

75 qw the Shooter (level 4, -12/36 HPs)
             Began as a Minotaur Hexslinger on July 10, 2023.
             Mangled by Ijyb
             ... wielding a +1 dagger of electrocution
              (14 damage)
             ... on level 3 of the Dungeon.
             The game lasted 00:00:44 (1680 turns).

qw the Shooter (Minotaur Hexslinger)                Turns: 1680, Time: 00:00:45

Health: -12/36     AC:  6    Str: 12    XL:     4   Next: 11%
Magic:  4/4        EV: 11    Int: 10    God:
Gold:   150        SH:  0    Dex: 15    Spells: 4/5 levels left

rFire   + . .        Y - +1 sling
rCold   . . .        (no shield)
rNeg    . . .        g - +0 ring mail
rPois   .            (helmet restricted)
rElec   .            (no cloak)
rCorr   .            f - +0 pair of gloves
SInv    .            (no boots)
Will    .....        (no amulet)
Stlth   +            h - ring of protection from fire
HPRegen 0.26/turn    (no ring)
MPRegen 0.09/turn

%: no passive effects
@: about to teleport
A: horns 2, retaliatory headbutt
a: no special abilities


You were on level 3 of the Dungeon.
You visited 1 branch of the dungeon, and saw 3 of its levels.

You collected 150 gold pieces.


Innate Abilities, Weirdness & Mutations

You have a pair of horns on your head.
You reflexively headbutt those who attack you in melee.


   Skills:
 - Level 2.0 Fighting
 + Level 4.3 Ranged Weapons
 - Level 1.3 Armour
 - Level 2.1 Dodging
 - Level 1.0 Spellcasting
 - Level 2.0 Hexes


You had 4 spell levels left.
You knew the following spells:

 Your Spells              Type           Power      Damage    Failure   Level
a - Slow                  Hex            16%        N/A       32%         1

Your spell library contained the following spells:

 Spells                   Type           Power      Damage    Failure   Level
 Inner Flame              Hex/Fire       2%         N/A       83%         3
 Portal Projectile        Hex/Tloc       4%         N/A       83%         3
 Cause Fear               Hex            2%         N/A       97%         4

Inventory:

Hand Weapons
 Y - a +1 sling (weapon)
Armour
 f - a +0 pair of gloves (worn)
 g - a +0 ring mail (worn)
Jewellery
 h - a ring of protection from fire (left hand)
Scrolls
 b - a scroll of identify
Potions
 c - a potion of ambrosia {unknown}
 d - a potion of heal wounds {unknown}
 e - a potion of curing {unknown}
 i - a potion of haste {unknown}
 j - a potion of berserk rage {unknown}
 k - a potion of magic {unknown}

Dungeon Overview and Level Annotations

Branches:
Dungeon (3/15)

Altars:
Hepliaklqana
Wu Jian

Annotations:
D:3 Ijyb


Message History

Ijyb zaps a wand.
The puff of flame hits you. You resist.
Ijyb hits you with a +1 dagger of electrocution.
You shoot a sling bullet.
The sling bullet hits Ijyb but does no damage.
Ijyb is lightly wounded.
Ijyb closely misses you.
You shoot a sling bullet. The sling bullet closely misses Ijyb.
Ijyb hits you but does no damage.
Ijyb zaps a wand.
The puff of flame hits you. You resist.
You shoot a sling bullet. The sling bullet closely misses Ijyb.
Ijyb zaps a wand.
The puff of flame hits you. You resist.
You shoot a sling bullet. The sling bullet barely misses Ijyb.
Ijyb hits you with a +1 dagger of electrocution.
You shoot a sling bullet.
The sling bullet hits Ijyb but does no damage.
Ijyb is lightly wounded.
Ijyb hits you with a +1 dagger of electrocution.
Ijyb closely misses you.
You shoot a sling bullet.
The sling bullet hits Ijyb but does no damage.
Ijyb is lightly wounded.
Ijyb zaps a wand.
The puff of flame hits you. You resist.
You shoot a sling bullet. The sling bullet hits Ijyb.
Ijyb is lightly wounded.
Ijyb completely misses you.
You shoot a sling bullet.
The sling bullet hits Ijyb but does no damage.
Ijyb is lightly wounded.
Ijyb zaps a wand.
The puff of flame hits you. You resist.
1679 ||| READING scroll of teleportation.
As you read the scroll of teleportation, it crumbles to dust.
You feel strangely unstable.
Ijyb hits you with a +1 dagger of electrocution.
You shoot a sling bullet.
The sling bullet hits Ijyb but does no damage.
Ijyb is lightly wounded.
Ijyb zaps a wand.
The puff of flame misses you.
Ijyb hits you with a +1 dagger of electrocution.
You are electrocuted!
You die...

###### . #..... #. #
#..... ####.##.#### ##
#..... .#.#.#.#.#.#.#.#
###### .#.#.#.#.#.#.#@#
.#.#.#.#.#.#.#.#g#
########
.#.#.#.#.#.#.#.#.#.#
#.....#.
#.#.#.#.#.#.#.#.#.#.#
+...(...
.#.#.#.#.#.#.#.#.#.#).
#.....#.
#.#.#.#.#.#.#.#.#.#.#..
#######.
.#.#.#.#.#.#.#.#.#.#'..$
#.
#.#.#.#.#.#.#.#.#.#.#...
#.
.#.#.#%..#.#.#.#.#.#'..
########.


You could see Ijyb.

Vanquished Creatures
  A gnoll (D:1)
  An adder (D:2)
  2 worms (D:3)
  4 dart slugs
  An orc (D:3)
  3 endoplasms
  2 giant cockroaches
  5 goblins
  2 hobgoblins (D:1)
  A quokka (D:1)
  3 ball pythons
  5 bats
  A frilled lizard (D:1)
  8 kobolds
  2 rats (D:1)
41 creatures vanquished.

Notes
Turn   | Place    | Note
-------+----------+-------------------------------------------
     0 | D:1      | qw the Minotaur Hexslinger began the quest for the Orb.
     0 | D:1      | Reached XP level 1. HP: 16/16 MP: 1/1
     0 | D:1      | 0 ||| qw: Version: 0.3-a-52-g30416fa
     0 | D:1      | 0 ||| qw: Game counter: 4691
     0 | D:1      | 0 ||| qw: Melee chars always use a shield: true
     0 | D:1      | 0 ||| qw: God list: Okawaru
     0 | D:1      | 0 ||| qw: Allow faded altars: false
     0 | D:1      | 0 ||| qw: Do Orc after clearing Dungeon:15 true
     0 | D:1      | 0 ||| qw: Do second Lair branch before Depths: true
     0 | D:1      | 0 ||| qw: Lair rune preference: random
     0 | D:1      | 0 ||| qw: Goals: Normal
     0 | D:1      | 0 ||| PLANNING D:1-11
    97 | D:1      | 97 ||| FLEEEEING.
    98 | D:1      | 98 ||| FLEEEEING.
    99 | D:1      | 99 ||| FLEEEEING.
   103 | D:1      | 103 ||| FLEEEEING.
   104 | D:1      | 104 ||| FLEEEEING.
   107 | D:1      | 107 ||| FLEEEEING.
   108 | D:1      | 108 ||| FLEEEEING.
   109 | D:1      | 109 ||| FLEEEEING.
   110 | D:1      | 110 ||| FLEEEEING.
   111 | D:1      | 111 ||| FLEEEEING.
   112 | D:1      | 112 ||| FLEEEEING.
   113 | D:1      | 113 ||| FLEEEEING.
   114 | D:1      | 114 ||| FLEEEEING.
   116 | D:1      | 116 ||| FLEEEEING.
   117 | D:1      | 117 ||| FLEEEEING.
   118 | D:1      | 118 ||| FLEEEEING.
   180 | D:1      | Reached skill level 3 in Ranged Weapons
   180 | D:1      | Reached XP level 2. HP: 23/23 MP: 2/2
   426 | D:1      | Reached XP level 3. HP: 29/29 MP: 3/3
   719 | D:1      | 719 ||| UPGRADING to +0 pair of gloves.
   724 | D:1      | 724 ||| UPGRADING to +0 ring mail.
   734 | D:1      | 734 ||| DROPPING +0 robe.
   735 | D:1      | 735 ||| UPGRADING to ring of protection from fire.
   736 | D:1      | 736 ||| READING 2 scrolls labelled LEMADO SICSOCS.
   739 | D:1      | 739 ||| READING scroll labelled VUGGUTZ ENOEHUDUA.
   740 | D:1      | 740 ||| READING scroll labelled HILASIA BOKI.
   741 | D:1      | 741 ||| READING scroll labelled CEYJO WIOSE.
   742 | D:1      | 742 ||| READING scroll labelled TYXYLUEHEPS.
   743 | D:1      | 743 ||| DRINKING 2 silvery potions.
   744 | D:1      | 744 ||| DROPPING scroll of poison.
   745 | D:1      | 745 ||| DROPPING potion of attraction.
   877 | D:2      | Reached skill level 4 in Ranged Weapons
  1105 | D:2      | Reached skill level 1 in Armour
  1118 | D:2      | Found an ornate altar of the Wu Jian Council.
  1349 | D:2      | 1349 ||| READING scroll labelled EGHAEPN XAOD.
  1350 | D:2      | 1350 ||| READING scroll labelled OMETUW MIPT.
  1469 | D:3      | Found a hazy altar of Hepliaklqana.
  1557 | D:3      | Reached XP level 4. HP: 36/36 MP: 4/4
  1660 | D:3      | Noticed Ijyb
  1678 | D:3      | HP: 7/36 [Ijyb/puff of flame (4)]
  1679 | D:3      | 1679 ||| READING scroll of teleportation.
  1680 | D:3      | HP: 2/36 [Ijyb/+1 dagger of electrocution (2)]
  1680 | D:3      | Mangled by Ijyb

Levels and vault maps discovered:
D:1:      onia_arrival_mini_spirals, layout_basic, minmay_misc_feat_five,
          minmay_heptomino_h4
D:2:      layout_basic, basic_altar
D:3:      layout_basic, bloody_makhleb, mainiacjoe_overflow_alcove_1,
          okawaru_gym_becter, mainiacjoe_overflow_cross_hatched,
          overflow_temple_1_default, minmay_quantized, uniq_ijyb

Skill      XL: |  1  2  3 |
---------------+----------+-----
Ranged Weapons | 3 4 |  4.3
Fighting       | 2 |  2.0
Armour         | 1 |  1.3
Dodging        | |  2.1
Spellcasting   | |  1.0
Hexes          | |  2.0

Action                     |  1- 3 |  4- 6 || total
---------------------------+-------+-------++-------
   Fire: Sling             |   111 |    28 ||   139
    Use: Scroll            |     7 |     1 ||     8
         Potion            |     1 |       ||     1
 Armour: Robe              |     3 |       ||     3
         Ring mail         |    10 |     2 ||    12
  Dodge: Dodged            |    25 |     8 ||    33

Table legend:
 A = Non-vault XP
 B = Vault XP
 C = Vault XP percentage of total XP
 D = Non-vault monster count
 E = Vault monster count
 F = Vault count percentage of total count
                 A         B        C        D         E       F
            +---------+---------+-------+---------+---------+-------
      Total |     103 |       5 |   4.6 |      38 |       3 |   7.3
            +---------+---------+-------+---------+---------+-------
        D:1 |      50 |       5 |   9.1 |      20 |       3 |  13.0
        D:2 |      32 |       0 |   0.0 |      10 |       0 |   0.0
        D:3 |      21 |       0 |   0.0 |       8 |       0 |   0.0
            +---------+---------+-------+---------+---------+-------
